[ AOE2 MATCH · #468142667 ]
UnrankedLithuanians vs Vietnamese
[ REPLAY ANALYSIS · EXTRACTED FROM THE RECORDED GAME ]
Feudal
8:31
Castle
26:08
Imperial
—
| APM avg | 70.6 |
| APM peak | 114 |
| eAPM avg | 31.2 |
| Villagers / military | 72 / 76 |
Focus
⚔️ 46.8% · 🌾 53.2%
Archer ×68 · Spearman ×6 · Mangonel ×2
Feudal
8:51
Castle
20:39
Imperial
—
| APM avg | 41.5 |
| APM peak | 93 |
| eAPM avg | 24.8 |
| Villagers / military | 136 / 81 |
Focus
⚔️ 45.9% · 🌾 54.1%
Militia ×49 · Scout Cavalry ×15 · Scorpion ×12 · Battering Ram ×4 · Mangonel ×1
Feudal
8:27
Castle
23:21
Imperial
39:36
| APM avg | 54.5 |
| APM peak | 97 |
| eAPM avg | 24.6 |
| Villagers / military | 111 / 90 |
Focus
⚔️ 45.2% · 🌾 54.8%
Cavalry Archer ×59 · Scout Cavalry ×19 · Battle Elephant ×8 · Knight ×2 · Monk ×1 · Spearman ×1
Feudal
9:16
Castle
24:34
Imperial
—
| APM avg | 44.1 |
| APM peak | 111 |
| eAPM avg | 21.6 |
| Villagers / military | 96 / 79 |
Focus
⚔️ 37.0% · 🌾 63.0%
Archer ×38 · Militia ×37 · Mangonel ×3 · Skirmisher ×1
Feudal
10:39
Castle
14:35
Imperial
39:37
| APM avg | 45.6 |
| APM peak | 75 |
| eAPM avg | 21.4 |
| Villagers / military | 179 / 65 |
Focus
⚔️ 25.0% · 🌾 75.0%
Knight ×42 · Genoese Crossbowman ×21 · Monk ×2
Feudal
9:23
Castle
20:43
Imperial
38:59
| APM avg | 53.6 |
| APM peak | 94 |
| eAPM avg | 15.5 |
| Villagers / military | 109 / 69 |
Focus
⚔️ 26.7% · 🌾 73.3%
Knight ×54 · Scout Cavalry ×8 · Camel Scout ×6 · Monk ×1
Feudal
10:18
Castle
28:15
Imperial
38:21
| APM avg | 33.9 |
| APM peak | 67 |
| eAPM avg | 13.2 |
| Villagers / military | 67 / 44 |
Focus
⚔️ 29.5% · 🌾 70.5%
Archer ×42 · Spearman ×2
Feudal
10:02
Castle
21:59
Imperial
37:47
| APM avg | 38.9 |
| APM peak | 76 |
| eAPM avg | 17.2 |
| Villagers / military | 127 / 56 |
Focus
⚔️ 27.2% · 🌾 72.8%
Spearman ×34 · Scorpion ×11 · Archer ×10 · Trebuchet (Packed) ×1
Match map
Initial resources + every placement click. Lines = walls · curves = elevation contours. ◆ gold · ⬟ stone · ● berries · ✦ relic · ◌ wall gap
Your base· Open — unwalled flank
Timbrhoggvandi's base· Open — unwalled flank
flightlessbird's base· ✓ Closed at 23:21 · 32t walls · 2 gate(s)
Failey's base· Open — unwalled flank
Kaydos's base· Open — unwalled flank
CharChar's base· ✓ Closed at 20:43 · 0t walls · no gate
Flex's base· ✓ Closed at 28:15 · 80t walls · 3 gate(s)
[MLT] Spot the Samurai's base· ✓ Closed at 21:59 · 42t walls · no gate
Smoothed initial terrain · ◌ = detected wall gap · hover for details
Inputs per minute
— Grand Nagus - - Timbrhoggvandi
Build order — Grand Nagus
First 150 of 220 actions detected
| 0:00 | Queue | Villager (Male) |
| 0:02 | Build | House |
| 0:02 | Queue | Villager (Male) |
| 0:02 | Build | House |
| 0:05 | Queue | Villager (Male) |
| 0:06 | Queue | Villager (Male) |
| 0:10 | Queue | Villager (Male) |
| 0:12 | Queue | Villager (Male) |
| 1:22 | Queue | Villager (Male) |
| 1:58 | Queue | Villager (Male) |
| 2:10 | Build | Lumber Camp |
| 2:13 | Queue | Villager (Male) |
| 2:42 | Queue | Villager (Male) |
| 2:56 | Queue | Villager (Male) |
| 3:26 | Queue | Villager (Male) |
| 3:28 | Queue | Villager (Male) |
| 3:42 | Build | House |
| 3:58 | Queue | Villager (Male) |
| 4:16 | Queue | Villager (Male) |
| 4:29 | Queue | Villager (Male) |
| 5:02 | Queue | Villager (Male) |
| 5:45 | Build | Mining Camp |
| 5:51 | Queue | Villager (Male) |
| 5:52 | Research | Loom |
| 6:21 | Research | Feudal Age |
| 6:21 | Research | Feudal Age |
| 7:23 | Build | Barracks |
| 7:27 | Build | Palisade Wall |
| 7:28 | Build | Palisade Wall |
| 7:29 | Build | Palisade Wall |
| 7:31 | Build | Palisade Wall |
| 8:03 | Build | House |
| 8:31 | Age | Feudal Age |
| 8:35 | Build | Archery Range |
| 8:38 | Queue | Villager (Male) |
| 8:54 | Queue | Villager (Male) |
| 8:59 | Build | Archery Range |
| 9:05 | Queue | Villager (Male) |
| 9:15 | Queue | Villager (Male) |
| 9:18 | Build | House |
| 9:18 | Build | House |
| 9:30 | Build | Palisade Wall |
| 9:36 | Queue | Archer |
| 9:43 | Research | Double-Bit Axe |
| 9:55 | Queue | Archer |
| 9:59 | Queue | Villager (Male) |
| 10:01 | Queue | Archer |
| 10:01 | Queue | Archer |
| 10:11 | Build | House |
| 10:17 | Build | Palisade Wall |
| 10:20 | Queue | Archer |
| 10:21 | Queue | Archer |
| 10:29 | Build | Watch Tower |
| 10:37 | Queue | Archer |
| 10:45 | Queue | Villager (Male) |
| 10:48 | Queue | Villager (Male) |
| 10:56 | Queue | Archer |
| 12:35 | Build | House |
| 12:38 | Build | House |
| 12:46 | Queue | Archer |
| 12:46 | Queue | Archer |
| 13:00 | Queue | Archer |
| 13:00 | Queue | Archer |
| 13:03 | Build | Mill |
| 13:26 | Build | Palisade Wall |
| 13:27 | Build | Palisade Wall |
| 13:29 | Build | Palisade Wall |
| 13:32 | Build | Palisade Wall |
| 13:33 | Build | Palisade Wall |
| 13:35 | Build | Palisade Wall |
| 13:42 | Queue | Archer |
| 13:42 | Queue | Archer |
| 14:06 | Queue | Villager (Male) |
| 14:07 | Queue | Villager (Male) |
| 14:45 | Queue | Archer |
| 14:46 | Queue | Archer |
| 15:08 | Build | Farm |
| 15:08 | Build | Farm |
| 15:37 | Build | Farm |
| 15:43 | Build | Farm |
| 15:49 | Build | Market |
| 15:50 | Queue | Archer |
| 15:50 | Queue | Archer |
| 15:55 | Queue | Archer |
| 15:55 | Queue | Archer |
| 16:03 | Queue | Spearman |
| 16:07 | Queue | Archer |
| 16:38 | Queue | Archer |
| 16:42 | Queue | Spearman |
| 17:03 | Queue | Villager (Male) |
| 17:03 | Queue | Villager (Male) |
| 17:03 | Queue | Villager (Male) |
| 17:08 | Queue | Archer |
| 17:26 | Queue | Villager (Male) |
| 17:44 | Build | Blacksmith |
| 18:03 | Queue | Villager (Male) |
| 18:18 | Build | Farm |
| 18:20 | Build | Farm |
| 18:27 | Queue | Villager (Male) |
| 18:34 | Build | Palisade Wall |
| 18:37 | Build | Farm |
| 18:40 | Build | Palisade Wall |
| 19:02 | Queue | Villager (Male) |
| 19:14 | Queue | Spearman |
| 19:14 | Queue | Spearman |
| 19:14 | Queue | Spearman |
| 19:29 | Queue | Villager (Male) |
| 19:40 | Research | Fletching |
| 19:41 | Queue | Villager (Male) |
| 19:43 | Build | Farm |
| 19:53 | Build | House |
| 19:54 | Queue | Villager (Male) |
| 19:56 | Queue | Villager (Male) |
| 20:18 | Queue | Villager (Male) |
| 20:32 | Queue | Villager (Male) |
| 20:37 | Queue | Villager (Male) |
| 20:42 | Build | Farm |
| 20:42 | Queue | Villager (Male) |
| 21:10 | Queue | Villager (Male) |
| 21:14 | Queue | Spearman |
| 21:26 | Queue | Villager (Male) |
| 22:11 | Queue | Villager (Male) |
| 22:12 | Queue | Villager (Male) |
| 22:29 | Queue | Villager (Male) |
| 23:28 | Research | Castle Age |
| 23:28 | Research | Castle Age |
| 24:10 | Queue | Villager (Male) |
| 24:11 | Queue | Villager (Male) |
| 24:24 | Queue | Archer |
| 24:24 | Queue | Archer |
| 24:26 | Build | Archery Range |
| 24:46 | Queue | Archer |
| 24:58 | Queue | Archer |
| 24:59 | Queue | Archer |
| 24:59 | Queue | Villager (Male) |
| 25:14 | Queue | Villager (Male) |
| 25:17 | Queue | Villager (Male) |
| 25:20 | Queue | Archer |
| 25:21 | Queue | Archer |
| 25:21 | Queue | Villager (Male) |
| 25:26 | Queue | Archer |
| 25:32 | Queue | Villager (Male) |
| 25:44 | Queue | Archer |
| 25:45 | Queue | Archer |
| 25:45 | Queue | Archer |
| 25:45 | Queue | Villager (Male) |
| 25:56 | Build | House |
| 25:56 | Build | House |
| 25:56 | Build | House |
| 25:59 | Queue | Villager (Male) |
Build order — Timbrhoggvandi
First 150 of 319 actions detected
| 0:01 | Queue | Villager (Male) |
| 0:01 | Queue | Villager (Male) |
| 0:01 | Queue | Villager (Male) |
| 0:01 | Queue | Villager (Male) |
| 0:02 | Build | House |
| 0:03 | Build | House |
| 1:32 | Queue | Villager (Male) |
| 1:53 | Queue | Villager (Male) |
| 2:17 | Queue | Villager (Male) |
| 2:44 | Queue | Villager (Male) |
| 2:44 | Queue | Villager (Male) |
| 3:11 | Queue | Villager (Male) |
| 3:11 | Queue | Villager (Male) |
| 3:11 | Queue | Villager (Male) |
| 3:16 | Queue | Villager (Male) |
| 3:30 | Build | Mule Cart |
| 3:31 | Queue | Villager (Male) |
| 3:58 | Build | House |
| 4:07 | Queue | Villager (Male) |
| 4:20 | Queue | Villager (Male) |
| 4:25 | Queue | Villager (Male) |
| 4:57 | Queue | Villager (Male) |
| 4:57 | Queue | Villager (Male) |
| 5:12 | Queue | Villager (Male) |
| 5:12 | Queue | Villager (Male) |
| 5:47 | Build | Mill |
| 5:48 | Queue | Villager (Male) |
| 6:13 | Queue | Villager (Male) |
| 6:36 | Research | Feudal Age |
| 6:37 | Research | Loom |
| 7:31 | Build | Barracks |
| 8:32 | Build | House |
| 8:51 | Age | Feudal Age |
| 8:53 | Build | Stable |
| 8:58 | Research | Double-Bit Axe |
| 9:03 | Queue | Villager (Male) |
| 9:18 | Research | Horse Collar |
| 9:27 | Build | Farm |
| 9:36 | Queue | Scout Cavalry |
| 9:36 | Queue | Scout Cavalry |
| 9:41 | Build | House |
| 9:43 | Queue | Villager (Male) |
| 9:43 | Queue | Villager (Male) |
| 9:54 | Build | Farm |
| 10:06 | Build | House |
| 10:13 | Build | Farm |
| 10:14 | Queue | Scout Cavalry |
| 10:39 | Queue | Villager (Male) |
| 10:46 | Build | Farm |
| 11:08 | Queue | Scout Cavalry |
| 11:13 | Build | Farm |
| 11:14 | Build | Farm |
| 11:21 | Queue | Villager (Male) |
| 11:21 | Queue | Villager (Male) |
| 11:23 | Build | Farm |
| 11:51 | Queue | Villager (Male) |
| 11:59 | Build | Farm |
| 12:01 | Queue | Villager (Male) |
| 12:03 | Queue | Villager (Male) |
| 12:27 | Queue | Scout Cavalry |
| 12:35 | Queue | Villager (Male) |
| 12:41 | Build | Farm |
| 12:42 | Build | Farm |
| 12:44 | Build | Farm |
| 12:45 | Build | Farm |
| 12:56 | Queue | Villager (Male) |
| 13:08 | Build | Farm |
| 13:09 | Build | Farm |
| 13:09 | Queue | Scout Cavalry |
| 13:09 | Queue | Scout Cavalry |
| 13:19 | Build | Farm |
| 13:30 | Queue | Villager (Male) |
| 13:32 | Queue | Villager (Male) |
| 13:41 | Build | House |
| 13:44 | Queue | Scout Cavalry |
| 14:02 | Queue | Scout Cavalry |
| 14:08 | Queue | Villager (Male) |
| 14:09 | Queue | Scout Cavalry |
| 14:23 | Build | Farm |
| 14:24 | Build | Farm |
| 14:25 | Queue | Villager (Male) |
| 14:31 | Build | House |
| 14:37 | Queue | Scout Cavalry |
| 14:50 | Queue | Villager (Male) |
| 14:59 | Build | Farm |
| 15:00 | Build | Farm |
| 15:00 | Queue | Villager (Male) |
| 15:06 | Build | Mule Cart |
| 15:10 | Queue | Scout Cavalry |
| 15:11 | Queue | Villager (Male) |
| 15:29 | Build | House |
| 15:30 | Queue | Villager (Male) |
| 15:44 | Queue | Villager (Male) |
| 15:48 | Queue | Scout Cavalry |
| 15:49 | Queue | Villager (Male) |
| 15:58 | Queue | Scout Cavalry |
| 16:08 | Queue | Scout Cavalry |
| 16:23 | Build | Market |
| 16:36 | Queue | Villager (Male) |
| 16:48 | Queue | Villager (Male) |
| 17:00 | Build | Blacksmith |
| 17:01 | Build | Palisade Wall |
| 17:27 | Queue | Villager (Male) |
| 17:27 | Queue | Villager (Male) |
| 17:39 | Build | House |
| 17:59 | Research | Castle Age |
| 18:23 | Build | Barracks |
| 18:25 | Queue | Militia |
| 18:42 | Research | Gold Mining |
| 18:46 | Queue | Militia |
| 18:56 | Research | Man-at-Arms (upgrade) |
| 19:04 | Research | Scale Mail Armor |
| 19:04 | Research | Scale Mail Armor |
| 19:10 | Queue | Militia |
| 19:10 | Queue | Militia |
| 19:11 | Queue | Villager (Male) |
| 19:19 | Build | House |
| 19:34 | Queue | Militia |
| 19:36 | Queue | Villager (Male) |
| 19:46 | Queue | Militia |
| 19:47 | Queue | Villager (Male) |
| 20:06 | Research | Long Swordsman (upgrade) |
| 20:06 | Research | Long Swordsman (upgrade) |
| 20:11 | Queue | Militia |
| 20:11 | Queue | Militia |
| 20:29 | Queue | Militia |
| 20:29 | Queue | Militia |
| 20:30 | Queue | Villager (Male) |
| 20:34 | Queue | Villager (Male) |
| 20:39 | Age | Castle Age |
| 20:51 | Research | Two-Handed Swordsman (upgrade) |
| 20:51 | Research | Two-Handed Swordsman (upgrade) |
| 20:52 | Queue | Militia |
| 20:58 | Queue | Militia |
| 20:58 | Queue | Militia |
| 21:02 | Build | House |
| 21:04 | Queue | Villager (Male) |
| 21:06 | Build | House |
| 21:11 | Build | House |
| 21:14 | Build | Palisade Wall |
| 21:16 | Queue | Militia |
| 21:17 | Queue | Militia |
| 21:29 | Build | Palisade Wall |
| 21:30 | Queue | Militia |
| 21:30 | Queue | Militia |
| 21:36 | Queue | Villager (Male) |
| 21:38 | Queue | Militia |
| 21:56 | Queue | Villager (Male) |
| 22:15 | Build | Siege Workshop |
| 22:18 | Queue | Villager (Male) |
Build order — flightlessbird
First 150 of 364 actions detected
| 0:01 | Queue | Villager (Male) |
| 0:01 | Queue | Villager (Male) |
| 0:01 | Queue | Villager (Male) |
| 0:02 | Queue | Villager (Male) |
| 0:03 | Build | House |
| 0:04 | Build | House |
| 1:28 | Queue | Villager (Male) |
| 1:58 | Build | Lumber Camp |
| 1:59 | Queue | Villager (Male) |
| 1:59 | Queue | Villager (Male) |
| 2:13 | Queue | Villager (Male) |
| 2:13 | Queue | Villager (Male) |
| 2:53 | Queue | Villager (Male) |
| 3:11 | Build | House |
| 3:16 | Queue | Villager (Male) |
| 3:31 | Queue | Villager (Male) |
| 3:47 | Queue | Villager (Male) |
| 3:47 | Queue | Villager (Male) |
| 4:14 | Queue | Villager (Male) |
| 4:14 | Queue | Villager (Male) |
| 4:14 | Queue | Villager (Male) |
| 4:42 | Build | Mill |
| 5:20 | Queue | Villager (Male) |
| 5:20 | Queue | Villager (Male) |
| 5:20 | Queue | Villager (Male) |
| 6:17 | Research | Feudal Age |
| 6:58 | Research | Loom |
| 7:30 | Build | Barracks |
| 7:34 | Build | House |
| 7:39 | Build | Barracks |
| 8:27 | Age | Feudal Age |
| 8:34 | Build | Stable |
| 8:43 | Queue | Villager (Male) |
| 8:47 | Research | Double-Bit Axe |
| 8:47 | Research | Double-Bit Axe |
| 8:52 | Build | House |
| 9:12 | Queue | Villager (Male) |
| 9:16 | Queue | Scout Cavalry |
| 9:27 | Research | Horse Collar |
| 9:27 | Research | Horse Collar |
| 9:29 | Build | Farm |
| 9:32 | Build | Farm |
| 9:33 | Queue | Villager (Male) |
| 9:39 | Queue | Scout Cavalry |
| 9:55 | Build | Palisade Gate |
| 10:02 | Build | Palisade Gate |
| 10:03 | Build | House |
| 10:04 | Build | Palisade Wall |
| 10:06 | Queue | Villager (Male) |
| 10:08 | Queue | Scout Cavalry |
| 10:11 | Build | Farm |
| 10:15 | Queue | Spearman |
| 10:30 | Queue | Villager (Male) |
| 10:53 | Queue | Villager (Male) |
| 11:09 | Build | Farm |
| 11:13 | Queue | Scout Cavalry |
| 11:13 | Queue | Scout Cavalry |
| 11:17 | Build | Palisade Wall |
| 11:26 | Queue | Villager (Male) |
| 11:28 | Build | Farm |
| 11:30 | Build | Farm |
| 11:44 | Queue | Scout Cavalry |
| 11:59 | Queue | Villager (Male) |
| 12:10 | Queue | Scout Cavalry |
| 12:11 | Queue | Scout Cavalry |
| 12:13 | Build | Farm |
| 12:16 | Build | Farm |
| 12:24 | Queue | Villager (Male) |
| 12:24 | Queue | Villager (Male) |
| 12:37 | Queue | Scout Cavalry |
| 12:46 | Queue | Villager (Male) |
| 12:54 | Build | Farm |
| 13:00 | Build | Farm |
| 13:04 | Build | Farm |
| 13:06 | Queue | Scout Cavalry |
| 13:10 | Queue | Villager (Male) |
| 13:20 | Queue | Villager (Male) |
| 13:39 | Queue | Villager (Male) |
| 13:47 | Build | Blacksmith |
| 13:50 | Queue | Scout Cavalry |
| 13:55 | Build | House |
| 14:19 | Build | Farm |
| 14:19 | Build | Farm |
| 14:20 | Build | Farm |
| 14:20 | Build | Farm |
| 14:20 | Build | Farm |
| 14:20 | Build | Farm |
| 14:28 | Queue | Villager (Male) |
| 14:31 | Research | Scale Barding Armor |
| 14:31 | Research | Scale Barding Armor |
| 14:44 | Queue | Scout Cavalry |
| 14:50 | Queue | Villager (Male) |
| 14:55 | Build | Lumber Camp |
| 15:05 | Build | Farm |
| 15:15 | Build | House |
| 15:19 | Queue | Scout Cavalry |
| 15:21 | Queue | Villager (Male) |
| 15:30 | Build | Farm |
| 15:53 | Research | Forging |
| 16:01 | Queue | Villager (Male) |
| 16:03 | Build | Mining Camp |
| 16:09 | Build | Palisade Wall |
| 16:16 | Build | Farm |
| 16:18 | Queue | Villager (Male) |
| 16:28 | Queue | Scout Cavalry |
| 16:47 | Queue | Scout Cavalry |
| 16:48 | Queue | Villager (Male) |
| 16:53 | Build | Farm |
| 16:57 | Build | Palisade Gate |
| 17:06 | Build | House |
| 17:09 | Research | Wheelbarrow |
| 17:32 | Build | Palisade Wall |
| 17:42 | Queue | Villager (Male) |
| 17:53 | Research | Bloodlines |
| 17:53 | Research | Bloodlines |
| 18:01 | Queue | Villager (Male) |
| 18:09 | Build | Farm |
| 18:09 | Build | Farm |
| 18:30 | Build | Farm |
| 18:31 | Build | Farm |
| 18:36 | Queue | Villager (Male) |
| 18:38 | Build | Farm |
| 18:49 | Queue | Scout Cavalry |
| 18:55 | Build | House |
| 18:59 | Queue | Villager (Male) |
| 19:10 | Build | Farm |
| 19:13 | Build | Farm |
| 19:17 | Queue | Scout Cavalry |
| 19:18 | Queue | Villager (Male) |
| 19:27 | Build | House |
| 19:31 | Build | Farm |
| 19:49 | Queue | Villager (Male) |
| 20:04 | Build | Mining Camp |
| 20:16 | Queue | Villager (Male) |
| 20:24 | Build | Market |
| 20:37 | Research | Castle Age |
| 20:43 | Build | Palisade Wall |
| 20:49 | Build | Palisade Wall |
| 21:18 | Build | Archery Range |
| 21:56 | Research | Fletching |
| 21:57 | Research | Padded Archer Armor |
| 22:14 | Build | Archery Range |
| 22:26 | Research | Gold Mining |
| 22:47 | Build | Archery Range |
| 23:21 | Age | Castle Age |
| 23:25 | Research | Light Cavalry (upgrade) |
| 23:25 | Research | Light Cavalry (upgrade) |
| 23:28 | Research | Bodkin Arrow |
| 23:29 | Queue | Cavalry Archer |
| 23:29 | Queue | Cavalry Archer |
Build order — Failey
First 150 of 272 actions detected
| 0:01 | Queue | Villager (Male) |
| 0:01 | Queue | Villager (Male) |
| 0:02 | Build | House |
| 0:03 | Build | House |
| 0:04 | Queue | Villager (Male) |
| 0:11 | Queue | Villager (Male) |
| 1:25 | Queue | Villager (Male) |
| 1:55 | Queue | Villager (Male) |
| 2:13 | Queue | Villager (Male) |
| 2:27 | Build | Lumber Camp |
| 2:40 | Queue | Villager (Male) |
| 2:41 | Queue | Villager (Male) |
| 3:35 | Queue | Villager (Male) |
| 3:55 | Queue | Villager (Male) |
| 3:56 | Queue | Villager (Male) |
| 4:02 | Build | House |
| 4:04 | Queue | Villager (Male) |
| 4:06 | Queue | Villager (Male) |
| 4:25 | Queue | Villager (Male) |
| 4:25 | Queue | Villager (Male) |
| 4:48 | Queue | Villager (Male) |
| 5:03 | Queue | Villager (Male) |
| 5:07 | Queue | Villager (Male) |
| 5:10 | Build | Mill |
| 5:16 | Queue | Villager (Male) |
| 5:29 | Research | Loom |
| 5:32 | Queue | Villager (Male) |
| 5:33 | Research | Loom |
| 5:33 | Queue | Villager (Male) |
| 5:33 | Queue | Villager (Male) |
| 5:38 | Queue | Villager (Male) |
| 7:06 | Research | Feudal Age |
| 7:31 | Build | Barracks |
| 8:00 | Build | House |
| 8:28 | Queue | Militia |
| 8:29 | Queue | Militia |
| 8:35 | Build | Mining Camp |
| 9:12 | Queue | Villager (Male) |
| 9:16 | Age | Feudal Age |
| 9:19 | Queue | Villager (Male) |
| 9:23 | Build | Blacksmith |
| 9:27 | Queue | Villager (Male) |
| 9:46 | Build | Watch Tower |
| 9:54 | Build | House |
| 10:09 | Research | Scale Mail Armor |
| 10:10 | Queue | Villager (Male) |
| 10:19 | Queue | Villager (Male) |
| 10:54 | Queue | Villager (Male) |
| 11:25 | Build | Farm |
| 11:26 | Build | Farm |
| 11:26 | Build | Farm |
| 11:28 | Research | Man-at-Arms (upgrade) |
| 12:01 | Queue | Villager (Male) |
| 12:14 | Queue | Villager (Male) |
| 12:26 | Queue | Villager (Male) |
| 12:29 | Queue | Militia |
| 12:29 | Queue | Militia |
| 12:46 | Build | House |
| 12:48 | Build | Farm |
| 12:52 | Queue | Villager (Male) |
| 12:52 | Queue | Villager (Male) |
| 12:57 | Queue | Villager (Male) |
| 13:20 | Build | Farm |
| 13:35 | Queue | Villager (Male) |
| 13:35 | Queue | Villager (Male) |
| 13:49 | Build | House |
| 13:58 | Queue | Villager (Male) |
| 13:59 | Queue | Villager (Male) |
| 14:11 | Queue | Villager (Male) |
| 14:15 | Queue | Villager (Male) |
| 14:40 | Queue | Villager (Male) |
| 15:33 | Build | Archery Range |
| 15:35 | Queue | Villager (Male) |
| 15:43 | Research | Double-Bit Axe |
| 15:59 | Queue | Villager (Male) |
| 16:04 | Queue | Skirmisher |
| 16:10 | Build | Mill |
| 16:11 | Queue | Villager (Male) |
| 16:11 | Queue | Villager (Male) |
| 16:15 | Build | Farm |
| 16:35 | Queue | Archer |
| 16:46 | Queue | Villager (Male) |
| 16:48 | Build | Farm |
| 16:50 | Build | Farm |
| 16:59 | Queue | Archer |
| 17:06 | Build | Farm |
| 17:11 | Queue | Villager (Male) |
| 17:11 | Queue | Villager (Male) |
| 17:18 | Queue | Archer |
| 17:23 | Build | Farm |
| 17:29 | Queue | Archer |
| 17:33 | Queue | Villager (Male) |
| 17:44 | Build | House |
| 17:46 | Build | House |
| 17:48 | Build | House |
| 17:52 | Build | House |
| 17:57 | Queue | Villager (Male) |
| 18:03 | Build | House |
| 18:11 | Research | Fletching |
| 18:21 | Build | House |
| 18:24 | Build | House |
| 18:26 | Queue | Archer |
| 18:31 | Queue | Villager (Male) |
| 18:40 | Build | Market |
| 18:42 | Queue | Villager (Male) |
| 19:05 | Queue | Archer |
| 19:09 | Build | House |
| 19:17 | Queue | Archer |
| 19:20 | Queue | Archer |
| 19:20 | Queue | Villager (Male) |
| 19:38 | Queue | Archer |
| 19:43 | Queue | Villager (Male) |
| 19:45 | Queue | Archer |
| 19:54 | Queue | Villager (Male) |
| 19:57 | Queue | Archer |
| 20:06 | Queue | Archer |
| 20:09 | Build | Farm |
| 20:12 | Queue | Villager (Male) |
| 20:14 | Queue | Villager (Male) |
| 20:15 | Queue | Archer |
| 20:19 | Queue | Militia |
| 20:19 | Queue | Militia |
| 20:20 | Queue | Villager (Male) |
| 20:24 | Build | Barracks |
| 20:37 | Queue | Villager (Male) |
| 21:24 | Queue | Archer |
| 21:44 | Queue | Villager (Male) |
| 21:53 | Research | Castle Age |
| 21:57 | Build | House |
| 22:14 | Build | House |
| 22:18 | Build | Farm |
| 22:20 | Queue | Militia |
| 22:20 | Queue | Militia |
| 22:37 | Build | Mining Camp |
| 22:51 | Queue | Villager (Male) |
| 22:54 | Build | House |
| 23:07 | Queue | Archer |
| 23:08 | Queue | Archer |
| 23:08 | Queue | Archer |
| 23:08 | Queue | Archer |
| 23:19 | Build | House |
| 23:22 | Build | House |
| 23:30 | Queue | Villager (Male) |
| 23:35 | Queue | Villager (Male) |
| 23:39 | Queue | Villager (Male) |
| 23:43 | Build | House |
| 23:45 | Build | House |
| 23:50 | Queue | Villager (Male) |
| 24:08 | Queue | Archer |
| 24:08 | Queue | Archer |
Build order — Kaydos
First 150 of 422 actions detected
| 0:01 | Queue | Villager (Male) |
| 0:01 | Queue | Villager (Male) |
| 0:02 | Build | House |
| 0:04 | Build | House |
| 0:30 | Queue | Villager (Male) |
| 0:30 | Queue | Villager (Male) |
| 0:31 | Queue | Villager (Male) |
| 0:31 | Queue | Villager (Male) |
| 0:31 | Queue | Villager (Male) |
| 0:31 | Queue | Villager (Male) |
| 1:24 | Queue | Villager (Male) |
| 1:24 | Queue | Villager (Male) |
| 2:01 | Queue | Villager (Male) |
| 2:22 | Queue | Villager (Male) |
| 2:45 | Build | Lumber Camp |
| 2:55 | Queue | Villager (Male) |
| 2:58 | Queue | Villager (Male) |
| 3:20 | Queue | Villager (Male) |
| 4:05 | Queue | Villager (Male) |
| 4:08 | Build | House |
| 4:13 | Queue | Villager (Male) |
| 4:28 | Queue | Villager (Male) |
| 4:48 | Queue | Villager (Male) |
| 5:18 | Build | Mill |
| 5:24 | Queue | Villager (Male) |
| 6:08 | Queue | Villager (Male) |
| 6:36 | Build | House |
| 6:39 | Research | Loom |
| 7:01 | Queue | Villager (Male) |
| 7:01 | Queue | Villager (Male) |
| 7:54 | Queue | Villager (Male) |
| 7:56 | Build | Mining Camp |
| 8:29 | Research | Feudal Age |
| 8:29 | Research | Feudal Age |
| 9:04 | Build | Barracks |
| 9:26 | Queue | Villager (Male) |
| 9:26 | Queue | Villager (Male) |
| 10:39 | Age | Feudal Age |
| 10:52 | Build | Stable |
| 11:01 | Build | Blacksmith |
| 11:30 | Queue | Villager (Male) |
| 11:51 | Research | Castle Age |
| 11:51 | Research | Castle Age |
| 12:04 | Research | Double-Bit Axe |
| 12:36 | Build | Mill |
| 12:42 | Build | House |
| 12:47 | Research | Bloodlines |
| 13:20 | Build | House |
| 13:25 | Build | House |
| 13:32 | Build | Palisade Wall |
| 13:40 | Build | Mill |
| 13:47 | Build | Farm |
| 14:21 | Queue | Villager (Male) |
| 14:35 | Age | Castle Age |
| 14:36 | Queue | Knight |
| 14:58 | Build | House |
| 15:01 | Queue | Villager (Male) |
| 15:03 | Build | Farm |
| 15:05 | Queue | Knight |
| 15:29 | Queue | Villager (Male) |
| 15:30 | Build | Farm |
| 15:34 | Build | Market |
| 15:39 | Queue | Knight |
| 15:58 | Queue | Villager (Male) |
| 16:00 | Build | Farm |
| 16:32 | Queue | Knight |
| 16:39 | Queue | Villager (Male) |
| 16:42 | Build | Farm |
| 16:52 | Build | Town Center |
| 16:56 | Build | Farm |
| 17:01 | Build | Palisade Gate |
| 17:03 | Research | Man-at-Arms (upgrade) |
| 17:07 | Build | Palisade Wall |
| 17:09 | Queue | Villager (Male) |
| 17:10 | Queue | Villager (Male) |
| 17:13 | Build | Palisade Gate |
| 17:15 | Build | Palisade Wall |
| 17:16 | Build | Palisade Wall |
| 17:24 | Build | Farm |
| 17:26 | Queue | Villager (Male) |
| 17:26 | Queue | Villager (Male) |
| 17:43 | Queue | Villager (Male) |
| 17:43 | Queue | Knight |
| 17:54 | Build | Farm |
| 18:05 | Queue | Knight |
| 18:08 | Queue | Villager (Male) |
| 18:10 | Queue | Villager (Male) |
| 18:37 | Queue | Villager (Male) |
| 18:48 | Queue | Villager (Male) |
| 18:49 | Queue | Knight |
| 18:53 | Build | Palisade Wall |
| 19:05 | Queue | Villager (Male) |
| 19:21 | Queue | Knight |
| 19:22 | Queue | Villager (Male) |
| 19:35 | Build | Farm |
| 19:36 | Build | Farm |
| 19:39 | Build | Farm |
| 19:42 | Queue | Villager (Male) |
| 19:42 | Queue | Villager (Male) |
| 19:46 | Build | Town Center |
| 19:51 | Queue | Knight |
| 19:54 | Build | Farm |
| 20:11 | Build | Palisade Wall |
| 20:18 | Queue | Knight |
| 20:18 | Queue | Knight |
| 20:24 | Queue | Villager (Male) |
| 20:25 | Queue | Villager (Male) |
| 20:37 | Build | Farm |
| 20:39 | Build | House |
| 21:12 | Queue | Villager (Male) |
| 21:17 | Queue | Villager (Male) |
| 21:17 | Queue | Villager (Male) |
| 21:23 | Build | Town Center |
| 21:30 | Queue | Knight |
| 21:33 | Build | Farm |
| 21:52 | Queue | Villager (Male) |
| 21:52 | Queue | Villager (Male) |
| 21:55 | Build | Farm |
| 21:57 | Build | Farm |
| 22:15 | Queue | Villager (Male) |
| 22:15 | Queue | Villager (Male) |
| 22:15 | Queue | Villager (Male) |
| 22:16 | Queue | Villager (Male) |
| 22:19 | Build | Farm |
| 22:21 | Build | Farm |
| 22:23 | Build | Farm |
| 22:34 | Queue | Knight |
| 22:34 | Queue | Knight |
| 22:42 | Build | Farm |
| 22:46 | Queue | Villager (Male) |
| 22:46 | Queue | Villager (Male) |
| 22:46 | Queue | Villager (Male) |
| 22:49 | Build | Farm |
| 22:54 | Build | House |
| 22:54 | Build | House |
| 22:55 | Build | House |
| 22:55 | Build | House |
| 23:08 | Queue | Villager (Male) |
| 23:09 | Queue | Knight |
| 23:28 | Queue | Villager (Male) |
| 23:29 | Queue | Villager (Male) |
| 23:29 | Queue | Villager (Male) |
| 23:57 | Queue | Villager (Male) |
| 23:57 | Queue | Villager (Male) |
| 23:57 | Queue | Villager (Male) |
| 24:13 | Queue | Villager (Male) |
| 24:13 | Queue | Villager (Male) |
| 24:18 | Build | Farm |
| 24:23 | Build | Farm |
| 24:30 | Queue | Villager (Male) |
Build order — CharChar
First 150 of 317 actions detected
| 0:02 | Queue | Villager (Male) |
| 0:02 | Queue | Villager (Male) |
| 0:02 | Queue | Villager (Male) |
| 0:03 | Build | House |
| 0:05 | Build | House |
| 0:10 | Queue | Villager (Male) |
| 1:36 | Queue | Villager (Male) |
| 2:02 | Queue | Villager (Male) |
| 2:17 | Queue | Villager (Male) |
| 2:55 | Build | Lumber Camp |
| 2:58 | Queue | Villager (Male) |
| 3:20 | Queue | Villager (Male) |
| 3:48 | Queue | Villager (Male) |
| 3:48 | Queue | Villager (Male) |
| 3:51 | Build | House |
| 4:03 | Queue | Villager (Male) |
| 4:31 | Queue | Villager (Male) |
| 5:23 | Queue | Villager (Male) |
| 5:23 | Queue | Villager (Male) |
| 5:23 | Queue | Villager (Male) |
| 5:42 | Build | Mill |
| 6:00 | Queue | Villager (Male) |
| 6:48 | Research | Loom |
| 6:55 | Build | House |
| 6:59 | Research | Feudal Age |
| 7:24 | Build | Barracks |
| 9:23 | Age | Feudal Age |
| 9:28 | Queue | Villager (Male) |
| 9:32 | Build | Stable |
| 9:40 | Research | Double-Bit Axe |
| 9:41 | Research | Horse Collar |
| 9:48 | Queue | Villager (Male) |
| 9:56 | Build | House |
| 10:09 | Build | Farm |
| 10:10 | Build | Farm |
| 10:12 | Build | Farm |
| 10:13 | Build | Farm |
| 10:14 | Queue | Villager (Male) |
| 10:25 | Queue | Scout Cavalry |
| 10:37 | Build | Farm |
| 10:41 | Build | House |
| 10:48 | Queue | Villager (Male) |
| 10:48 | Queue | Villager (Male) |
| 11:01 | Build | Farm |
| 11:02 | Queue | Scout Cavalry |
| 11:20 | Queue | Villager (Male) |
| 11:26 | Build | Farm |
| 11:32 | Queue | Villager (Male) |
| 11:53 | Queue | Villager (Male) |
| 11:56 | Queue | Scout Cavalry |
| 12:10 | Build | Farm |
| 12:13 | Build | Farm |
| 12:30 | Queue | Scout Cavalry |
| 12:47 | Queue | Villager (Male) |
| 12:52 | Build | Farm |
| 12:54 | Build | Farm |
| 13:06 | Queue | Scout Cavalry |
| 13:07 | Build | House |
| 13:20 | Queue | Villager (Male) |
| 13:38 | Build | Lumber Camp |
| 13:48 | Queue | Villager (Male) |
| 13:51 | Build | Farm |
| 14:34 | Queue | Villager (Male) |
| 14:34 | Queue | Scout Cavalry |
| 14:36 | Build | House |
| 14:43 | Build | Blacksmith |
| 14:53 | Queue | Villager (Male) |
| 14:56 | Build | House |
| 15:06 | Queue | Villager (Male) |
| 15:12 | Queue | Scout Cavalry |
| 15:16 | Build | Farm |
| 15:31 | Build | House |
| 15:39 | Build | Mining Camp |
| 15:52 | Queue | Villager (Male) |
| 16:11 | Queue | Villager (Male) |
| 16:33 | Queue | Villager (Male) |
| 16:36 | Build | Farm |
| 16:49 | Build | House |
| 16:54 | Build | Market |
| 17:10 | Queue | Villager (Male) |
| 17:38 | Queue | Villager (Male) |
| 17:54 | Research | Castle Age |
| 17:58 | Research | Scale Barding Armor |
| 18:05 | Build | Stable |
| 18:21 | Research | Bloodlines |
| 18:49 | Research | Forging |
| 19:31 | Research | Gold Mining |
| 20:11 | Build | Stable |
| 20:43 | Age | Castle Age |
| 20:51 | Queue | Knight |
| 20:51 | Queue | Knight |
| 20:52 | Queue | Knight |
| 20:52 | Queue | Knight |
| 21:10 | Queue | Villager (Male) |
| 21:28 | Build | Town Center |
| 21:29 | Queue | Knight |
| 21:29 | Queue | Knight |
| 21:30 | Queue | Knight |
| 21:30 | Queue | Knight |
| 21:34 | Queue | Villager (Male) |
| 21:38 | Build | House |
| 22:00 | Research | Chain Barding Armor |
| 22:18 | Queue | Knight |
| 22:25 | Queue | Knight |
| 22:43 | Queue | Knight |
| 23:01 | Queue | Knight |
| 23:05 | Build | House |
| 23:06 | Build | Farm |
| 23:07 | Build | Farm |
| 23:08 | Build | Farm |
| 23:10 | Queue | Knight |
| 23:33 | Queue | Knight |
| 23:42 | Queue | Villager (Male) |
| 23:45 | Build | Farm |
| 23:48 | Queue | Knight |
| 23:48 | Queue | Knight |
| 23:49 | Queue | Villager (Male) |
| 23:49 | Queue | Villager (Male) |
| 24:11 | Queue | Knight |
| 24:12 | Queue | Villager (Male) |
| 24:15 | Build | Farm |
| 24:15 | Build | Farm |
| 24:17 | Build | Farm |
| 24:18 | Build | Farm |
| 24:19 | Build | Farm |
| 24:19 | Build | Farm |
| 24:19 | Build | Farm |
| 24:20 | Build | Farm |
| 24:20 | Build | Farm |
| 24:28 | Build | House |
| 25:22 | Queue | Knight |
| 25:22 | Queue | Knight |
| 25:22 | Queue | Knight |
| 25:23 | Queue | Villager (Male) |
| 25:26 | Queue | Villager (Male) |
| 25:29 | Build | Town Center |
| 25:46 | Research | Husbandry |
| 25:57 | Queue | Villager (Male) |
| 26:04 | Build | Farm |
| 26:04 | Build | Farm |
| 26:04 | Build | Farm |
| 26:04 | Build | Farm |
| 26:05 | Build | Farm |
| 26:05 | Build | Farm |
| 26:16 | Queue | Knight |
| 26:17 | Queue | Villager (Male) |
| 26:27 | Build | Farm |
| 26:29 | Build | Farm |
| 26:31 | Queue | Camel Scout |
| 26:31 | Queue | Camel Scout |
Build order — Flex
First 150 of 210 actions detected
| 0:01 | Queue | Villager (Male) |
| 0:01 | Queue | Villager (Male) |
| 0:01 | Queue | Villager (Male) |
| 0:02 | Build | House |
| 0:04 | Build | House |
| 0:09 | Queue | Villager (Male) |
| 0:09 | Queue | Villager (Male) |
| 1:08 | Queue | Villager (Male) |
| 1:30 | Queue | Villager (Male) |
| 2:00 | Queue | Villager (Male) |
| 2:01 | Queue | Villager (Male) |
| 2:24 | Queue | Villager (Male) |
| 2:53 | Queue | Villager (Male) |
| 3:21 | Build | Settlement |
| 3:45 | Queue | Villager (Male) |
| 3:45 | Queue | Villager (Male) |
| 4:26 | Queue | Villager (Male) |
| 5:03 | Queue | Villager (Male) |
| 5:04 | Queue | Villager (Male) |
| 5:36 | Build | Palisade Wall |
| 5:46 | Build | Palisade Wall |
| 5:49 | Queue | Villager (Male) |
| 6:20 | Queue | Villager (Male) |
| 6:21 | Queue | Villager (Male) |
| 6:27 | Build | House |
| 7:03 | Build | House |
| 7:14 | Build | Settlement |
| 7:17 | Queue | Villager (Male) |
| 7:21 | Research | Loom |
| 8:04 | Research | Feudal Age |
| 8:32 | Build | Settlement |
| 9:49 | Queue | Villager (Male) |
| 9:49 | Queue | Villager (Male) |
| 10:18 | Age | Feudal Age |
| 10:23 | Build | Barracks |
| 10:40 | Queue | Villager (Male) |
| 11:08 | Build | Archery Range |
| 11:23 | Queue | Villager (Male) |
| 11:25 | Build | Farm |
| 11:26 | Build | Farm |
| 11:26 | Build | Farm |
| 11:51 | Build | Archery Range |
| 11:53 | Queue | Archer |
| 11:57 | Queue | Villager (Male) |
| 12:03 | Queue | Villager (Male) |
| 12:07 | Research | Double-Bit Axe |
| 12:24 | Queue | Archer |
| 12:27 | Queue | Villager (Male) |
| 12:34 | Queue | Archer |
| 12:54 | Queue | Archer |
| 13:10 | Build | House |
| 13:11 | Build | House |
| 13:16 | Build | Palisade Wall |
| 13:17 | Build | Palisade Wall |
| 13:23 | Build | Palisade Wall |
| 13:26 | Build | Palisade Wall |
| 13:30 | Queue | Archer |
| 13:30 | Queue | Archer |
| 13:49 | Build | Palisade Wall |
| 14:13 | Build | Palisade Gate |
| 14:18 | Build | Palisade Gate |
| 14:26 | Queue | Villager (Male) |
| 14:28 | Queue | Archer |
| 14:28 | Queue | Archer |
| 14:54 | Queue | Archer |
| 14:54 | Queue | Archer |
| 15:25 | Build | Blacksmith |
| 15:27 | Queue | Villager (Male) |
| 15:36 | Queue | Villager (Male) |
| 15:38 | Queue | Archer |
| 15:38 | Queue | Archer |
| 16:00 | Queue | Archer |
| 16:00 | Queue | Archer |
| 16:10 | Build | Farm |
| 16:13 | Build | Farm |
| 16:15 | Research | Fletching |
| 16:15 | Research | Fletching |
| 16:18 | Build | House |
| 16:19 | Build | House |
| 16:26 | Queue | Archer |
| 16:26 | Queue | Archer |
| 16:29 | Build | Farm |
| 16:30 | Research | Horse Collar |
| 16:40 | Build | Farm |
| 17:05 | Queue | Villager (Male) |
| 17:08 | Research | Padded Archer Armor |
| 17:18 | Build | House |
| 17:36 | Queue | Archer |
| 17:36 | Queue | Archer |
| 17:42 | Build | Palisade Gate |
| 17:51 | Build | House |
| 17:57 | Build | Palisade Wall |
| 18:04 | Queue | Archer |
| 18:04 | Queue | Archer |
| 18:06 | Queue | Villager (Male) |
| 18:07 | Queue | Villager (Male) |
| 18:14 | Research | Gold Mining |
| 18:43 | Build | Farm |
| 18:43 | Build | Farm |
| 18:53 | Queue | Villager (Male) |
| 19:19 | Queue | Archer |
| 19:19 | Queue | Archer |
| 19:23 | Build | Farm |
| 19:24 | Build | Farm |
| 19:25 | Build | Farm |
| 19:30 | Queue | Archer |
| 19:30 | Queue | Archer |
| 19:54 | Queue | Villager (Male) |
| 19:55 | Queue | Villager (Male) |
| 20:20 | Build | House |
| 20:26 | Queue | Villager (Male) |
| 20:32 | Queue | Archer |
| 20:32 | Queue | Archer |
| 20:41 | Build | Farm |
| 20:49 | Queue | Villager (Male) |
| 21:14 | Queue | Spearman |
| 21:15 | Queue | Spearman |
| 21:32 | Queue | Villager (Male) |
| 22:02 | Queue | Villager (Male) |
| 22:03 | Queue | Villager (Male) |
| 22:19 | Build | Farm |
| 22:19 | Build | Farm |
| 22:19 | Build | Farm |
| 22:49 | Queue | Villager (Male) |
| 22:51 | Queue | Archer |
| 22:51 | Queue | Archer |
| 22:53 | Build | Farm |
| 22:55 | Build | Farm |
| 23:25 | Queue | Villager (Male) |
| 23:25 | Queue | Villager (Male) |
| 23:28 | Build | Farm |
| 23:37 | Build | Palisade Wall |
| 24:21 | Build | Farm |
| 24:27 | Queue | Villager (Male) |
| 24:28 | Queue | Villager (Male) |
| 24:41 | Build | Market |
| 24:50 | Build | House |
| 25:19 | Queue | Villager (Male) |
| 25:22 | Build | Farm |
| 25:22 | Build | Farm |
| 25:35 | Research | Castle Age |
| 25:45 | Queue | Archer |
| 25:45 | Queue | Archer |
| 25:51 | Build | House |
| 25:59 | Build | House |
| 26:35 | Build | Stone Wall |
| 26:43 | Build | Gate |
| 26:55 | Build | Stone Wall |
| 27:15 | Queue | Villager (Male) |
| 27:23 | Build | Stone Wall |
Build order — [MLT] Spot the Samurai
First 150 of 344 actions detected
| 0:02 | Queue | Villager (Male) |
| 0:02 | Queue | Villager (Male) |
| 0:02 | Queue | Villager (Male) |
| 0:04 | Build | House |
| 0:05 | Build | House |
| 0:58 | Queue | Villager (Male) |
| 1:36 | Queue | Villager (Male) |
| 2:10 | Queue | Villager (Male) |
| 2:26 | Queue | Villager (Male) |
| 2:56 | Queue | Villager (Male) |
| 3:08 | Queue | Villager (Male) |
| 3:30 | Build | House |
| 3:32 | Build | House |
| 3:53 | Queue | Villager (Male) |
| 4:16 | Build | Lumber Camp |
| 4:23 | Queue | Villager (Male) |
| 4:33 | Queue | Villager (Male) |
| 4:42 | Build | Mill |
| 5:19 | Queue | Villager (Male) |
| 5:20 | Queue | Villager (Male) |
| 5:45 | Queue | Villager (Male) |
| 5:45 | Queue | Villager (Male) |
| 7:02 | Queue | Villager (Male) |
| 7:05 | Research | Loom |
| 7:35 | Build | Palisade Wall |
| 7:48 | Research | Feudal Age |
| 8:07 | Build | Barracks |
| 8:12 | Build | Palisade Wall |
| 8:13 | Build | Palisade Wall |
| 9:18 | Build | Mining Camp |
| 9:29 | Build | Palisade Wall |
| 9:47 | Build | Palisade Wall |
| 9:58 | Build | House |
| 10:02 | Age | Feudal Age |
| 10:30 | Queue | Villager (Male) |
| 10:30 | Queue | Villager (Male) |
| 10:38 | Build | Archery Range |
| 10:47 | Build | Palisade Wall |
| 10:48 | Build | Palisade Wall |
| 10:50 | Build | Palisade Wall |
| 11:05 | Queue | Villager (Male) |
| 11:05 | Queue | Villager (Male) |
| 11:29 | Build | Blacksmith |
| 11:34 | Build | Palisade Wall |
| 11:37 | Queue | Villager (Male) |
| 11:44 | Build | Palisade Wall |
| 11:56 | Research | Double-Bit Axe |
| 12:09 | Queue | Archer |
| 12:09 | Queue | Archer |
| 12:11 | Queue | Archer |
| 12:17 | Queue | Spearman |
| 12:18 | Queue | Villager (Male) |
| 12:19 | Queue | Villager (Male) |
| 12:33 | Build | House |
| 13:16 | Build | Palisade Gate |
| 13:20 | Build | Palisade Wall |
| 13:29 | Research | Fletching |
| 13:30 | Queue | Villager (Male) |
| 13:30 | Queue | Villager (Male) |
| 13:31 | Queue | Archer |
| 13:31 | Queue | Archer |
| 14:13 | Queue | Archer |
| 14:14 | Queue | Villager (Male) |
| 14:14 | Queue | Villager (Male) |
| 14:24 | Queue | Villager (Male) |
| 14:25 | Queue | Villager (Male) |
| 14:57 | Build | House |
| 14:58 | Build | House |
| 14:59 | Build | House |
| 15:02 | Build | House |
| 15:31 | Build | Farm |
| 15:33 | Build | Farm |
| 15:33 | Build | Farm |
| 15:33 | Build | Farm |
| 15:36 | Build | Farm |
| 15:40 | Build | Farm |
| 15:52 | Queue | Archer |
| 16:13 | Queue | Villager (Male) |
| 16:28 | Build | Stone Wall |
| 16:31 | Build | Stone Wall |
| 16:45 | Queue | Villager (Male) |
| 16:50 | Build | Market |
| 17:22 | Build | House |
| 17:23 | Build | House |
| 17:24 | Build | House |
| 17:25 | Build | House |
| 17:41 | Build | Stone Wall |
| 17:43 | Queue | Villager (Male) |
| 17:43 | Queue | Villager (Male) |
| 18:10 | Queue | Archer |
| 18:38 | Queue | Archer |
| 18:50 | Build | Farm |
| 18:51 | Build | Farm |
| 19:12 | Build | Lumber Camp |
| 19:19 | Research | Castle Age |
| 19:25 | Build | House |
| 19:26 | Build | House |
| 19:31 | Build | Palisade Wall |
| 19:35 | Queue | Archer |
| 21:49 | Build | Lumber Camp |
| 21:59 | Age | Castle Age |
| 22:19 | Build | Stone Wall |
| 22:30 | Build | Town Center |
| 22:34 | Queue | Villager (Male) |
| 22:34 | Queue | Villager (Male) |
| 22:34 | Queue | Villager (Male) |
| 22:35 | Queue | Villager (Male) |
| 22:37 | Build | Mining Camp |
| 22:44 | Build | Town Center |
| 22:53 | Queue | Villager (Male) |
| 22:53 | Queue | Villager (Male) |
| 23:23 | Queue | Villager (Male) |
| 23:23 | Queue | Villager (Male) |
| 23:23 | Queue | Villager (Male) |
| 23:32 | Build | House |
| 23:34 | Build | House |
| 23:55 | Queue | Villager (Male) |
| 23:55 | Queue | Villager (Male) |
| 24:06 | Build | Farm |
| 24:26 | Build | Farm |
| 24:29 | Build | Farm |
| 24:42 | Queue | Villager (Male) |
| 24:42 | Queue | Villager (Male) |
| 24:57 | Queue | Villager (Male) |
| 24:58 | Queue | Villager (Male) |
| 24:58 | Queue | Villager (Male) |
| 25:21 | Build | Siege Workshop |
| 25:34 | Queue | Villager (Male) |
| 25:34 | Queue | Villager (Male) |
| 25:35 | Queue | Villager (Male) |
| 25:38 | Build | Farm |
| 25:47 | Research | Horse Collar |
| 25:58 | Build | Farm |
| 26:30 | Build | Stone Wall |
| 26:32 | Build | Stone Wall |
| 26:35 | Build | Stone Wall |
| 26:37 | Queue | Villager (Male) |
| 26:37 | Queue | Villager (Male) |
| 26:38 | Queue | Villager (Male) |
| 26:41 | Build | Farm |
| 26:42 | Build | Farm |
| 26:44 | Build | Farm |
| 26:53 | Queue | Scorpion |
| 27:04 | Build | Stone Wall |
| 27:08 | Queue | Villager (Male) |
| 27:08 | Queue | Villager (Male) |
| 27:11 | Build | Farm |
| 27:23 | Build | House |
| 27:24 | Build | House |
| 27:33 | Queue | Villager (Male) |
Match timeline
| 5:36 | Flex · wall_segment Palisade Wall x1 |
| 5:46 | Flex · wall_segment Palisade Wall x1 |
| 7:23 | Grand Nagus · first_building Barracks |
| 7:24 | CharChar · first_building Barracks |
| 7:27 | Grand Nagus · wall_segment Palisade Wall x1 |
| 7:28 | Grand Nagus · wall_segment Palisade Wall x1 |
| 7:29 | Grand Nagus · wall_segment Palisade Wall x1 |
| 7:30 | flightlessbird · first_building Barracks |
| 7:31 | Grand Nagus · wall_segment Palisade Wall x1 |
| 7:31 | Timbrhoggvandi · first_building Barracks |
| 7:31 | Failey · first_building Barracks |
| 7:35 | [MLT] Spot the Samurai · wall_segment Palisade Wall x5 |
| 8:07 | [MLT] Spot the Samurai · first_building Barracks |
| 8:12 | [MLT] Spot the Samurai · wall_segment Palisade Wall x1 |
| 8:13 | [MLT] Spot the Samurai · wall_segment Palisade Wall x1 |
| 8:27 | flightlessbird · age_up feudal |
| 8:31 | Grand Nagus · age_up feudal |
| 8:34 | flightlessbird · first_building Stable |
| 8:35 | Grand Nagus · first_building Archery Range |
| 8:51 | Timbrhoggvandi · age_up feudal |
| 8:53 | Timbrhoggvandi · first_building Stable |
| 9:04 | Kaydos · first_building Barracks |
| 9:16 | Failey · age_up feudal |
| 9:23 | CharChar · age_up feudal |
| 9:29 | [MLT] Spot the Samurai · wall_segment Palisade Wall x1 |
| 9:30 | Grand Nagus · wall_segment Palisade Wall x1 |
| 9:32 | CharChar · first_building Stable |
| 9:47 | [MLT] Spot the Samurai · wall_segment Palisade Wall x10 |
| 10:02 | [MLT] Spot the Samurai · age_up feudal |
| 10:04 | flightlessbird · wall_segment Palisade Wall x1 |
| 10:17 | Grand Nagus · wall_segment Palisade Wall x5 |
| 10:18 | Flex · age_up feudal |
| 10:23 | Flex · first_building Barracks |
| 10:38 | [MLT] Spot the Samurai · first_building Archery Range |
| 10:39 | Kaydos · age_up feudal |
| 10:47 | [MLT] Spot the Samurai · wall_segment Palisade Wall x1 |
| 10:48 | [MLT] Spot the Samurai · wall_segment Palisade Wall x1 |
| 10:50 | [MLT] Spot the Samurai · wall_segment Palisade Wall x1 |
| 10:52 | Kaydos · first_building Stable |
| 11:08 | Flex · first_building Archery Range |
| 11:17 | flightlessbird · wall_segment Palisade Wall x1 |
| 11:34 | [MLT] Spot the Samurai · wall_segment Palisade Wall x8 |
| 11:44 | [MLT] Spot the Samurai · wall_segment Palisade Wall x5 |
| 13:16 | Flex · wall_segment Palisade Wall x2 |
| 13:17 | Flex · wall_segment Palisade Wall x1 |
| 13:20 | [MLT] Spot the Samurai · wall_segment Palisade Wall x4 |
| 13:23 | Flex · wall_segment Palisade Wall x1 |
| 13:26 | Grand Nagus · wall_segment Palisade Wall x1 |
| 13:26 | Flex · wall_segment Palisade Wall x6 |
| 13:27 | Grand Nagus · wall_segment Palisade Wall x1 |
| 13:29 | Grand Nagus · wall_segment Palisade Wall x1 |
| 13:32 | Kaydos · wall_segment Palisade Wall x6 |
| 13:32 | Grand Nagus · wall_segment Palisade Wall x1 |
| 13:33 | Grand Nagus · wall_segment Palisade Wall x1 |
| 13:35 | Grand Nagus · wall_segment Palisade Wall x1 |
| 13:49 | Flex · wall_segment Palisade Wall x10 |
| 14:35 | Kaydos · age_up castle |
| 15:33 | Failey · first_building Archery Range |
| 16:09 | flightlessbird · wall_segment Palisade Wall x18 |
| 16:28 | [MLT] Spot the Samurai · wall_segment Stone Wall x4 |
| 16:31 | [MLT] Spot the Samurai · wall_segment Stone Wall x2 |
| 16:59 | Grand Nagus · first_market_sell 100 wood |
| 17:01 | Timbrhoggvandi · wall_segment Palisade Wall x1 |
| 17:03 | Grand Nagus · first_market_buy 100 food |
| 17:07 | Kaydos · wall_segment Palisade Wall x1 |
| 17:15 | Kaydos · wall_segment Palisade Wall x1 |
| 17:16 | Kaydos · wall_segment Palisade Wall x1 |
| 17:32 | flightlessbird · wall_segment Palisade Wall x7 |
| 17:41 | [MLT] Spot the Samurai · wall_segment Stone Wall x5 |
| 17:47 | [MLT] Spot the Samurai · first_market_buy 100 food |
| 17:49 | [MLT] Spot the Samurai · first_market_sell 100 wood |
| 17:51 | Timbrhoggvandi · first_market_sell 100 stone |
| 17:53 | CharChar · first_market_sell 100 food |
| 17:57 | Flex · wall_segment Palisade Wall x7 |
| 18:34 | Grand Nagus · wall_segment Palisade Wall x1 |
| 18:40 | Grand Nagus · wall_segment Palisade Wall x1 |
| 18:53 | Kaydos · wall_segment Palisade Wall x4 |
| 19:09 | Timbrhoggvandi · first_market_buy 100 food |
| 19:31 | [MLT] Spot the Samurai · wall_segment Palisade Wall x2 |
| 20:11 | Kaydos · wall_segment Palisade Wall x4 |
| 20:39 | Timbrhoggvandi · age_up castle |
| 20:43 | flightlessbird · wall_segment Palisade Wall x5 |
| 20:43 | CharChar · age_up castle |
| 20:49 | flightlessbird · wall_segment Palisade Wall x1 |
| 21:14 | Timbrhoggvandi · wall_segment Palisade Wall x1 |
| 21:16 | Kaydos · first_market_buy 100 stone |
| 21:18 | flightlessbird · first_building Archery Range |
| 21:29 | Timbrhoggvandi · wall_segment Palisade Wall x1 |
| 21:47 | Failey · first_market_buy 100 food |
| 21:59 | [MLT] Spot the Samurai · age_up castle |
| 22:15 | Timbrhoggvandi · first_building Siege Workshop |
| 22:19 | [MLT] Spot the Samurai · wall_segment Stone Wall x4 |
| 23:21 | flightlessbird · age_up castle |
| 23:37 | Flex · wall_segment Palisade Wall x12 |
| 23:47 | CharChar · first_market_buy 100 food |
| 24:34 | Failey · age_up castle |
| 25:21 | [MLT] Spot the Samurai · first_building Siege Workshop |
| 26:08 | Grand Nagus · age_up castle |
| 26:24 | Failey · first_market_sell 100 stone |
| 26:30 | [MLT] Spot the Samurai · wall_segment Stone Wall x8 |
| 26:32 | [MLT] Spot the Samurai · wall_segment Stone Wall x12 |
| 26:35 | [MLT] Spot the Samurai · wall_segment Stone Wall x3 |
| 26:35 | Flex · wall_segment Stone Wall x6 |
| 26:55 | Flex · wall_segment Stone Wall x10 |
| 27:04 | Kaydos · wall_segment Stone Wall x1 |
| 27:04 | [MLT] Spot the Samurai · wall_segment Stone Wall x2 |
| 27:06 | Kaydos · wall_segment Stone Wall x1 |
| 27:09 | Kaydos · wall_segment Stone Wall x1 |
| 27:23 | Flex · wall_segment Stone Wall x3 |
| 27:24 | Kaydos · first_building Monastery |
| 27:27 | Flex · wall_segment Stone Wall x1 |
| 27:33 | Flex · wall_segment Stone Wall x4 |
| 27:36 | Flex · wall_segment Stone Wall x4 |
| 27:58 | Flex · wall_segment Stone Wall x7 |
| 28:04 | Flex · wall_segment Stone Wall x9 |
| 28:15 | Flex · age_up castle |
| 28:34 | [MLT] Spot the Samurai · wall_segment Stone Wall x2 |
| 28:36 | [MLT] Spot the Samurai · wall_segment Stone Wall x8 |
| 28:47 | [MLT] Spot the Samurai · wall_segment Stone Wall x3 |
| 29:12 | [MLT] Spot the Samurai · first_building Castle |
| 30:11 | Flex · wall_segment Stone Wall x6 |
| 30:13 | Flex · wall_segment Stone Wall x4 |
| 31:27 | Failey · first_building Siege Workshop |
| 32:04 | Flex · wall_segment Stone Wall x7 |
| 32:24 | flightlessbird · first_building Monastery |
| 32:56 | Grand Nagus · first_building Siege Workshop |
| 33:19 | Kaydos · first_building Castle |
| 34:22 | Flex · first_building Monastery |
| 34:32 | CharChar · first_building Monastery |
| 34:33 | Flex · first_building Siege Workshop |
| 36:10 | Grand Nagus · wall_segment Palisade Wall x1 |
| 36:11 | Grand Nagus · wall_segment Palisade Wall x1 |
| 36:19 | Grand Nagus · wall_segment Palisade Wall x1 |
| 36:23 | Kaydos · first_market_sell 100 food |
| 36:32 | Flex · first_market_buy 100 wood |
| 36:51 | Kaydos · first_building Archery Range |
| 36:51 | Grand Nagus · wall_segment Palisade Wall x1 |
| 37:47 | [MLT] Spot the Samurai · age_up imperial |
| 37:50 | Flex · wall_segment Stone Wall x6 |
| 37:58 | flightlessbird · first_building Castle |
| 38:21 | Flex · age_up imperial |
| 38:59 | CharChar · age_up imperial |
| 39:25 | Flex · first_building Castle |
| 39:36 | flightlessbird · age_up imperial |
| 39:37 | Kaydos · age_up imperial |
| 39:52 | CharChar · first_building Castle |
| 39:58 | Kaydos · resign |
[ AI ANALYSIS · 1 CREDIT ]
What really happened in this match?
Wolo.gg analyzes every decision: build order, eco, micro, common mistakes by bracket. Personalized analysis on WhatsApp or Discord in 30 seconds.
Civ guide
Lithuanians
Perfil
Jugador #208313